 Dungeon Crawl Stone Soup version 0.19-a0-1379-gd925bfa (webtiles) character file.

323 GordonOverkill the Ruffian (level 6, -1/47 (48) HPs)
             Began as a Ghoul Gladiator on Sept 3, 2016.
             Killed from afar by jedvagenij's ghost (9 damage)
             ... with an orb of energy
             ... on level 4 of the Dungeon.
             The game lasted 00:09:31 (3467 turns).

GordonOverkill the Ruffian (Ghoul Gladiator)        Turns: 3467, Time: 00:09:31

HP:   -1/47 (48)    AC: 12    Str: 20    XL:     6   Next: 47%
MP:   5/5           EV:  8    Int:  4    God:
Gold: 181           SH:  0    Dex:  9    Spells: 0 memorised, 5 levels left

rFire  . . .     SeeInvis .       - Unarmed
rCold  + . .     Gourm    .     v - +0 chain mail
rNeg   + + +     Faith    .     (no shield)
rPois  ∞         Spirit   .     b - +0 helmet
rElec  .         Dismiss  .     w - +1 cloak
rCorr  .         Reflect  .     t - +0 pair of gloves (curse)
MR     .....     Harm     .     (no boots)
Stlth  ..........               (no amulet)
                                (no ring)
                                (no ring)

@: rotting, drained
A: rotting body, claws 1, carnivore 3, cold resistance 1, negative energy
resistance 3, slow regeneration 1, torment resistance, unbreathing
a: no special abilities


You were on level 4 of the Dungeon.
You were not hungry.

You visited 1 branch of the dungeon, and saw 4 of its levels.

You collected 181 gold pieces.

Inventory:

Missiles
 c - 3 throwing nets (quivered)
Armour
 b - a +0 helmet (worn)
 t - a cursed +0 pair of gloves (worn)
 v - a +0 chain mail (worn)
 w - a +1 cloak (worn)
Jewellery
 q - an uncursed ring of wizardry {unknown}
Wands
 a - a wand of flame (33/48)
Scrolls
 e - a scroll of recharging {unknown}
 f - 6 scrolls of identify {unknown}
 h - a scroll of amnesia {unknown}
 j - a scroll of random uselessness {unknown}
 o - 2 scrolls of enchant armour {unknown}
 r - a scroll of immolation {unknown}
 u - a scroll of enchant weapon {unknown}
Potions
 i - 2 potions of mutation {unknown}
 k - a potion of ambrosia {unknown}
 l - 2 potions of magic {unknown}
 m - 2 potions of cancellation {unknown}
 p - 2 potions of lignification {unknown}
 s - 2 potions of invisibility {unknown}
Comestibles
 d - 2 meat rations
 g - 2 beef jerkies
 n - a slice of pizza


   Skills:
 - Level 2.1 Fighting
 - Level 1.7 Throwing
 - Level 2.6 Dodging
 + Level 7.7 Unarmed Combat


You had 5 spell levels left.
You didn't know any spells.

Dungeon Overview and Level Annotations

Branches:
Dungeon (4/15)
 Temple: D:4-7

Altars:
Ashenzari
Cheibriados
Dithmenos
Uskayaw
Yredelemnul

Shops:
D:4 %

Annotations:
D:4 jedvagenij's ghost, novice DECj


Innate Abilities, Weirdness & Mutations

Your body is rotting away.
You thrive on raw meat.
You are immune to poison.
You have sharp fingernails.
You are carnivorous and can eat meat at any time.
Your flesh is cold resistant. (rC+)
You are immune to negative energy. (rN+++)
You regenerate slowly when monsters are visible.
You are immune to unholy pain and torment.
You can survive without breathing.


Message History

* * * LOW HITPOINT WARNING * * *
You are too injured to fight recklessly!
You are too injured to fight recklessly!
You are too injured to fight recklessly!
You miss jedvagenij's ghost.
Jedvagenij's ghost is severely damaged.
You hit jedvagenij's ghost.
Jedvagenij's ghost is severely damaged.
Jedvagenij's ghost barely misses you.
You miss jedvagenij's ghost.
Jedvagenij's ghost is severely damaged.
Jedvagenij's ghost hits you but does no damage.
You barely miss jedvagenij's ghost. You punch jedvagenij's ghost.
Jedvagenij's ghost is almost destroyed.
Jedvagenij's ghost hits you but does no damage.
Your chain mail prevents you from hitting jedvagenij's ghost.
Jedvagenij's ghost is almost destroyed.
Jedvagenij's ghost gestures at you while chanting.
The orb of energy hits you!
You die...

#.#.# #.#.#
## #####.#.#
.. ..##.#.#
#. #.##.#.#
#..##.#.#).#
#......###.#
#.###.#.#.##
#@##.##
#.....W.##.#
###.######.#
#.# ..# ###


You could see jedvagenij's ghost.

Vanquished Creatures
  A giant frog skeleton (D:2)
  A centaur skeleton (D:4)
  An orc priest (D:3)
  A worker ant (D:4)
  6 adders
  6 gnolls
  An ooze (D:2)
  5 dart slugs
  4 giant geckos
  6 orcs
  A ball python (D:2)
  12 bats
  3 giant cockroaches
  8 goblins
  7 hobgoblins
  3 jackals (D:2)
  3 kobolds (D:1)
  2 quokkas
  4 giant newts
  10 rats
85 creatures vanquished.

Notes
Turn   | Place    | Note
-------+----------+-------------------------------------------
     0 | D:1      | GordonOverkill the Ghoul Gladiator began the quest for the Orb.
     0 | D:1      | Reached XP level 1. HP: 17/17 MP: 0/0
   197 | D:1      | Reached XP level 2. HP: 20/24 MP: 1/1
   245 | D:1      | Reached skill level 4 in Unarmed Combat
   471 | D:1      | Reached XP level 3. HP: 29/29 MP: 2/2
  1215 | D:2      | Reached skill level 5 in Unarmed Combat
  1414 | D:2      | Reached XP level 4. HP: 27/36 MP: 3/3
  1650 | D:2      | Found a basalt altar of Yredelemnul.
  1913 | D:2      | Reached skill level 6 in Unarmed Combat
  1913 | D:2      | Reached XP level 5. HP: 34/41 MP: 4/4
  2116 | D:2      | Found a hide-covered altar of Uskayaw.
  2634 | D:3      | Found a shattered altar of Ashenzari.
  2712 | D:3      | Found a shadowy altar of Dithmenos.
  2859 | D:3      | Reached skill level 7 in Unarmed Combat
  2859 | D:3      | Reached XP level 6. HP: 48/48 MP: 5/5
  3347 | D:4      | Found Idijoss's Food Shop.
  3404 | D:4      | Found a snail-covered altar of Cheibriados.
  3453 | D:4      | Noticed jedvagenij's ghost (novice DECj)
  3467 | D:4      | Killed from afar by jedvagenij's ghost

Vault maps used:
D:1:      dpeg_arrival_prison, hangedman_decor_push
D:2:      marbit_many_paths, lemuel_round_altar
D:3:      overflow_temple_1_default, cheibrodos_ashenzari_chains
D:4:      cheibriados_altar_1, portal_sewer_entry_d, first_bread, serial_shops,
          shop, nicolae_tso_swordbearing_angel

Skill      XL: |  1  2  3  4  5 |
---------------+----------------+-----
Unarmed Combat | 4 5 6 7 |  7.7
Fighting       | |  2.1
Throwing       | |  1.7
Dodging        | |  2.6

Action                   |  1- 3 |  4- 6 || total
-------------------------+-------+-------++-------
Melee: Unarmed           |   132 |   229 ||   361
       Punch             |       |     1 ||     1
  Eat: Chunk             |     1 |     7 ||     8
Armor: Leather armour    |    43 |    28 ||    71
       Chain mail        |       |    30 ||    30
       Scale mail        |       |     1 ||     1
Dodge: Dodged            |    81 |   116 ||   197
